 Dungeon Crawl Stone Soup version 0.27.0-1-g7a089689b8 (webtiles) character file.

Game seed: 9815741579783181614

20433 wakim the Grappler (level 12, -3/114 HPs)
             Began as a Troll Fighter on Aug 8, 2021.
             Was an Elder of Nemelex Xobeh.
             Slain by Rupert (35 damage)
             ... on level 4 of the Lair of Beasts.
             The game lasted 00:55:10 (15365 turns).

wakim the Grappler (Troll Fighter)                 Turns: 15365, Time: 00:55:11

Health: -3/114     AC:  8    Str: 32    XL:     12   Next: 45%
Magic:  16/16      EV: 12    Int:  5    God:    Nemelex Xobeh [****..]
Gold:   801        SH: 12    Dex: 12    Spells: 11/11 levels left

rFire    . . .     SeeInvis +     - Unarmed
rCold    + . .     Faith    .   b - +0 kite shield
rNeg     . . .     Spirit   .   l - +2 robe of Vines {NoPotionHeal Regen+++}
rPois    .         Reflect  .   (helmet restricted)
rElec    .         Harm     .   i - +1 cloak {Will+}
rCorr    +         Rampage  .   (gloves unavailable)
Will     ++...                  (boots unavailable)
Stlth    +.........             (no amulet)
HPRegen  4.29/turn              g - ring of protection from cold
MPRegen  0.15/turn              c - ring of Zexa {Will+ rCorr Str+5 SInv}

@: no status effects
A: large, unfitting armour, claws 3, regeneration 1, shaggy fur 1, tough skin 1
a: Renounce Religion, Draw Escape, Draw Destruction, Draw Summoning, Triple
Draw, Deal Four


You were on level 4 of the Lair of Beasts.
You worshipped Nemelex Xobeh.
Nemelex Xobeh was greatly pleased with you.
You visited 3 branches of the dungeon, and saw 15 of its levels.
You also visited: Ossuary.

You collected 801 gold pieces.

Inventory:

Missiles
 a - a curare-tipped dart {=f}
 f - 6 boomerangs (quivered)
 j - 124 poisoned darts
Armour
 b - a +0 kite shield (worn)
 d - +0 fire dragon scales
 e - a +2 robe of fire resistance
 i - a +1 cloak of willpower (worn)
 l - the +2 robe of Vines (worn) {NoPotionHeal Regen+++}
   (You found it on level 3 of the Lair of Beasts)

   Its wearer cannot be healed by potions.
   Regen:     It increases your rate of health regeneration.
Jewellery
 c - the ring of Zexa (right claw) {Will+ rCorr Str+5 SInv}
   (You acquired it on level 1 of the Lair of Beasts)

   [ring of willpower]

   Str:       It affects your strength (+5).
   SInv:      It lets you see invisible.
   rCorr:     It protects you from acid and corrosion.
   Will:      It increases your willpower.
 g - a ring of protection from cold (left claw)
 h - a ring of positive energy
Wands
 t - a wand of digging (6)
 v - a wand of flame (18)
 w - a wand of acid (4)
 x - a wand of iceblast (12)
 y - a wand of paralysis (3)
Scrolls
 k - a scroll of torment {!r}
 o - a scroll of enchant armour
 R - 2 scrolls of magic mapping {!r}
 S - a scroll of summoning
 T - 5 scrolls of teleportation
 U - a scroll of fear
 V - a scroll of vulnerability {!r!r}
 X - a scroll of fog
 Y - a scroll of blinking {!r}
Potions
 A - a potion of ambrosia
 C - 3 potions of berserk rage {!q}
 D - 4 potions of brilliance
 E - 2 potions of cancellation
 F - 6 potions of curing
 G - 4 potions of flight
 H - 4 potions of haste
 I - 4 potions of invisibility
 J - 2 potions of heal wounds
 K - a potion of magic
 L - 6 potions of lignification {!q}
 M - a potion of mutation {!q}
 N - 2 potions of might
 O - a potion of resistance


   Skills:
 - Level 6.0 Fighting
 - Level 6.0 Throwing
 + Level 2.1 Armour
 + Level 8.5 Dodging
 + Level 8.5 Shields
 + Level 10.1 Unarmed Combat
 + Level 7.4 Invocations


You had 11 spell levels left.
You didn't know any spells.
Your spell library contained the following spells:

 Spells                   Type           Power      Damage    Failure   Level
 Foxfire                  Conj/Fire      0%         2x1d4     52%         1
 Magic Dart               Conj           0%         1d3       52%         1
 Summon Small Mammal      Summ           0%         N/A       52%         1
 Call Imp                 Summ           0%         N/A       65%         2
 Slow                     Hex            0%         N/A       65%         2
 Sublimation of Blood     Necr           0%         N/A       65%         2
 Wereblood                Tmut           0%         N/A       65%         2
 Call Canine Familiar     Summ           0%         N/A       87%         3
 Confusing Touch          Hex            0%         N/A       87%         3
 Conjure Flame            Conj/Fire      0%         6-21      87%         3
 Dazzling Flash           Conj/Hex       0%         N/A       87%         3
 Ignite Poison            Fire/Tmut/Pois 0%         N/A       87%         3
 Inner Flame              Hex/Fire       0%         N/A       87%         3
 Mephitic Cloud           Conj/Pois/Air  0%         N/A       87%         3
 Ozocubu's Armour         Ice            0%         N/A       87%         3
 Portal Projectile        Hex/Tloc       0%         N/A       87%         3
 Summon Guardian Golem    Hex/Summ       0%         N/A       87%         3
 Agony                    Necr           0%         N/A       100%        5
 Blade Hands              Tmut           0%         N/A       100%        5
 Excruciating Wounds      Necr           0%         N/A       100%        5
 Fireball                 Conj/Fire      0%         3d3       100%        5
 Metabolic Englaciation   Hex/Ice        0%         N/A       100%        5
 Silence                  Hex/Air        0%         N/A       100%        5
 Yara's Violent Unravell  Hex/Tmut       0%         3d3       100%        5
 Eringya's Noxious Bog    Tmut/Pois      0%         N/A       100%        6
 Simulacrum               Ice/Necr       0%         N/A       100%        6
 Starburst                Conj/Fire      0%         8x6d3     100%        6
 Summon Hydra             Summ           0%         N/A       100%        7


Dungeon Overview and Level Annotations

Branches:
Dungeon (10/15)            Temple (1/1) D:7            Lair (4/6) D:8
  Swamp (0/4) Lair:2        Snake (0/4) Lair:2      Ossuary (visited)
    Orc: D:9-12

Altars:
Cheibriados
Dithmenos
Elyvilon
Fedhas
Gozag
Hepliaklqana
Kikubaaqudgha
Makhleb
Nemelex Xobeh
Okawaru
Qazlal
Ru
Sif Muna
Trog
Uskayaw
Vehumet
Xom
Yredelemnul
Zin
The Shining One

Shops:
D:3 (   D:6 ?

Annotations:
D:5 2 transporters, stickyfingers's ghost, novice HOGl
Lair:4 Rupert


Innate Abilities, Weirdness & Mutations

You are too large for most types of armour.
You have claws for hands.
Your natural rate of healing is unusually fast.
You are covered in fur. (AC +1)
You have tough skin. (AC +1)


Message History

You block the blink frog's attack.
You claw the blink frog!
The blink frog is almost dead.
You feel sick. The blink frog closely misses you.
The elephant tramples you but does no damage.
You block the elephant's attack.
You mangle the elephant!!
You kill the elephant!
You feel sick.
You are no longer poisoned.
You block the blink frog's attack.
The blink frog blinks!
Rupert roars madly and goes into a rage!
Rupert goes berserk!
The blink frog blinks!
You block the blink frog's attack.
The blink frog blinks!
You block the blink frog's attack. The blink frog hits you!
The blink frog blinks!
The blink frog blinks!
The blink frog hits you!
The blink frog blinks!
The blink frog hits you!
* * * LOW HITPOINT WARNING * * *
The blink frog blinks! x3
The blink frog blinks!
The blink frog hits you.
* * * LOW HITPOINT WARNING * * *
You draw a card...
You have drawn the Elements.
The blink frog blinks!
You block the blink frog's attack. The blink frog barely misses you.
Rupert hits you with a +2 great sword of holy wrath!!!
* * * LOW HITPOINT WARNING * * *
The blink frog barely misses you. You block the blink frog's attack. x3
You block the blink frog's attack. You block Rupert's attack.
Your catoblepas gores the blink frog!
The blink frog barely misses your catoblepas.
The blink frog hits your polar bear.
The blink frog blinks!
Your molten gargoyle closely misses Rupert.
The blink frog blinks!
Rupert hits your polar bear with a +2 great sword of holy wrath!!
The blink frog blinks!
Your catoblepas gores the blink frog!
You swap places.
Rupert hits you with a +2 great sword of holy wrath!!
You die...
Your body glows with a rainbow of weird colours and disappears.

..>......#### ....#...F..
..............F..P ##F........
..#.P............# #YY.@...F..
..##P...#P####...## ##Y#YF.....F
..##....# ##....# #..###......
...##...# #....P# #...# ......
....#...######P...#####F.# [....
....?....#.#.P§FY..P#.#.###..P#..
...............h@@§Y.F.F....... .
........P.###..F9.....F.........
.........## #.##.####.#.#######
...#P##### ###### ##### .##### ##
# #


You could see Rupert (berserk), an elephant, 6 blink frogs, a friendly
catoblepas (summoned), a friendly polar bear (summoned) and a friendly molten
gargoyle (summoned).

Vanquished Creatures
  3 hydras (Lair:3)
  A catoblepas (Lair:4)
  A two-headed ogre (D:8)
  An ugly thing (D:7)
  3 elephants
  Joseph (D:7)
  An oklob plant (Lair:3)
  2 black mambas (Lair:4)
  A guardian serpent (Lair:2)
  A cane toad (Lair:1)
  2 komodo dragons
  A troll (D:8)
  6 blink frogs
  2 polar bears
  A meliai zombie (D:10)
  44 yaks
  Menkaure (D:3)
  7 water moccasins
  An orc warrior (D:10)
  2 black bears (Lair:2)
  A wolf (D:8)
  2 ogres (D:6)
  2 centaurs
  7 kobold brigands
  Blork the orc (D:6)
  12 bullfrogs
  3 scorpions
  A wyvern zombie (D:6)
  A wyvern skeleton (D:7)
  A water moccasin skeleton (D:6)
  5 electric eels
  3 howler monkeys (D:8)
  A bullfrog zombie (D:6)
  5 hounds
  An orc priest (D:8)
  Crazy Yiuf (D:2)
  A jelly (D:6)
  A centaur skeleton (D:5)
  An iron imp (D:5)
  Terence (D:2)
  A gnoll shaman (D:7)
  3 iguanas
  9 orc wizards
  Natasha (thrice) (D:2)
  A killer bee zombie (D:8)
  A hound skeleton (D:3)
  4 mummies (Ossuary)
  Robin (D:2)
  10 gnolls
  A howler monkey skeleton (D:7)
  9 adders
  3 shadow imps
  2 white imps (D:5)
  4 worms
  3 dart slugs
  26 orcs
  13 ball pythons
  7 bats (D:1)
  14 endoplasms
  3 giant cockroaches (D:1)
  9 goblins (D:2)
  6 hobgoblins
  10 jackals
  40 kobolds
  8 quokkas
  5 frilled lizards
  6 gnoll skeletons (Ossuary)
  5 gnoll zombies (Ossuary)
  5 goblin skeletons (Ossuary)
  6 goblin zombies (Ossuary)
  5 hobgoblin skeletons (Ossuary)
  9 hobgoblin zombies
  6 kobold skeletons
  3 kobold zombies
  2 orc skeletons
  3 orc zombies (Ossuary)
  9 rats
  4 rat skeletons (Ossuary)
  4 rat zombies (Ossuary)
396 creatures vanquished.

Vanquished Creatures (collateral kills)
  A great orb of eyes (Lair:2)
1 creature vanquished.

Vanquished Creatures (others)
  An orc wizard (D:6)
  9 fungi
  12 plants
22 creatures vanquished.

Grand Total: 419 creatures vanquished

Notes
Turn   | Place    | Note
-------+----------+-------------------------------------------
     0 | D:1      | wakim the Troll Fighter began the quest for the Orb.
     0 | D:1      | Reached XP level 1. HP: 22/22 MP: 0/0
   244 | D:1      | Reached XP level 2. HP: 29/29 MP: 1/1
   436 | D:1      | Found a faded altar of an unknown god.
   598 | D:1      | Reached XP level 3. HP: 36/36 MP: 2/2
  1061 | D:2      | Reached skill level 3 in Unarmed Combat
  1228 | D:2      | Reached XP level 4. HP: 44/44 MP: 3/3
  1263 | D:2      | Noticed Robin
  1294 | D:2      | Killed Robin
  1604 | D:2      | Reached XP level 5. HP: 53/53 MP: 4/4
  1737 | D:2      | Noticed Natasha
  1744 | D:2      | Killed Natasha
  1878 | D:2      | Noticed Terence
  1885 | D:2      | Killed Terence
  1912 | D:2      | Found a runed translucent door.
  1913 | D:2      | Noticed Crazy Yiuf
  1922 | D:2      | Killed Crazy Yiuf
  1923 | D:2      | Reached skill level 4 in Unarmed Combat
  2181 | D:2      | Noticed Natasha
  2207 | D:2      | Killed Natasha
  2211 | D:2      | Noticed Natasha
  2220 | D:2      | Killed Natasha
  2221 | D:2      | Reached XP level 6. HP: 51/61 MP: 5/5
  2459 | D:3      | Found Raffal's Weapon Shoppe.
  3402 | D:4      | Noticed Menkaure
  3414 | D:3      | Killed Menkaure
  3415 | D:3      | Reached skill level 1 in Throwing
  3545 | D:4      | Reached XP level 7. HP: 67/67 MP: 6/6
  3897 | D:5      | Entered Level 5 of the Dungeon
  3976 | D:5      | Found a transporter.
  3977 | D:5      | Found a transporter.
  3977 | D:5      | Noticed stickyfingers's ghost (novice HOGl)
  4004 | D:5      | Found a glowing golden altar of the Shining One.
  4698 | D:5      | Reached skill level 5 in Unarmed Combat
  4722 | D:5      | Found an opulent altar of Gozag.
  4853 | D:6      | Found an ancient bone altar of Kikubaaqudgha.
  4914 | D:6      | Reached XP level 8. HP: 78/78 MP: 7/7
  5087 | D:6      | Found Esaosaz's Magic Scroll Emporium.
  5185 | D:6      | Found an iron altar of Okawaru.
  5278 | D:6      | Noticed Blork the orc
  5292 | D:6      | Killed Blork the orc
  5876 | D:7      | Reached skill level 6 in Unarmed Combat
  5910 | D:7      | Noticed Joseph
  5933 | D:7      | Killed Joseph
  5934 | D:7      | Reached skill level 5 in Fighting
  5934 | D:7      | Reached skill level 5 in Dodging
  5934 | D:7      | Reached skill level 5 in Shields
  5934 | D:7      | Reached XP level 9. HP: 39/88 MP: 8/8
  6018 | D:7      | Found a staircase to the Ecumenical Temple.
  6220 | Temple   | Entered the Ecumenical Temple
  6624 | Temple   | Became a worshipper of Nemelex Xobeh the Trickster
  6877 | D:7      | Noticed a cyan ugly thing
  7332 | D:8      | Reached skill level 1 in Invocations
  7444 | D:8      | Got the Compendium of Mutagenic Ignition
  7613 | D:8      | Found a sand-covered staircase.
  7614 | D:8      | Noticed a troll
  7629 | D:8      | Killed a troll
  7647 | Ossuary  | Entered an ossuary
  8261 | D:8      | Found a staircase to the Lair.
  8301 | D:8      | Reached * piety under Nemelex Xobeh
  8436 | D:8      | Noticed a two-headed ogre
  8475 | D:8      | Killed a two-headed ogre
  8476 | D:8      | Reached skill level 7 in Unarmed Combat
  8633 | D:8      | Found a glowing silver altar of Zin.
  8892 | D:9      | Reached XP level 10. HP: 74/98 MP: 11/11
  9041 | D:9      | Reached skill level 5 in Throwing
  9237 | D:9      | Received a gift from Nemelex Xobeh
  9416 | D:9      | Found a blossoming altar of Fedhas.
  9572 | D:10     | Entered Level 10 of the Dungeon
  9637 | D:10     | Reached ** piety under Nemelex Xobeh
  9669 | D:10     | Found a basalt altar of Yredelemnul.
  9683 | D:10     | Found a burning altar of Makhleb.
  9968 | D:10     | Reached skill level 5 in Invocations
 10775 | Lair:1   | Entered Level 1 of the Lair of Beasts
 10926 | D:8      | Reached XP level 11. HP: 95/105 MP: 14/14
 10930 | D:8      | Reached skill level 8 in Unarmed Combat
 11162 | D:7      | Killed a cyan ugly thing
 11735 | Lair:1   | Reached *** piety under Nemelex Xobeh
 11852 | Lair:1   | Received a gift from Nemelex Xobeh
 12119 | Lair:1   | Reached skill level 9 in Unarmed Combat
 12187 | Lair:1   | Received a gift from Nemelex Xobeh
 12363 | Lair:1   | Identified a scroll of acquirement
 12363 | Lair:1   | Acquired the ring of Zexa {Will+ rCorr Str+5 SInv}
 12367 | Lair:2   | Found a staircase to the Swamp.
 12404 | Lair:2   | Got the Almanac of Noxious Heat
 12526 | Lair:2   | Found a staircase to the Snake Pit.
 13008 | Lair:2   | Noticed a fire dragon
 13181 | Lair:2   | Noticed a great orb of eyes
 13181 | Lair:2   | a fire dragon changed into a great orb of eyes
 13182 | Lair:2   | Killed a great orb of eyes
 13233 | Lair:2   | Received a gift from Nemelex Xobeh
 13273 | Lair:2   | Reached **** piety under Nemelex Xobeh
 13825 | Lair:3   | Received a gift from Nemelex Xobeh
 13921 | Lair:3   | Noticed an oklob plant
 14088 | Lair:3   | Noticed a six-headed hydra
 14090 | Lair:3   | Noticed an eight-headed hydra
 14204 | Lair:3   | Killed a seven-headed hydra
 14205 | Lair:3   | Reached XP level 12. HP: 99/114 MP: 14/16
 14241 | Lair:3   | Killed a nine-headed hydra
 14417 | Lair:3   | Found the +2 robe of Vines {NoPotionHeal Regen+++}
 14418 | Lair:3   | Noticed a six-headed hydra
 14453 | Lair:3   | Killed a six-headed hydra
 15075 | Lair:3   | Reached skill level 1 in Armour
 15141 | Lair:4   | Noticed a catoblepas
 15147 | Lair:4   | Killed a catoblepas
 15148 | Lair:4   | Reached skill level 10 in Unarmed Combat
 15306 | Lair:4   | Received a gift from Nemelex Xobeh
 15335 | Lair:4   | Noticed Rupert
 15365 | Lair:4   | Slain by Rupert

Illustrated notes

Levels and vault maps discovered:
D:1:      pf_arrival_petrified_forest, layout_loops_corners,
          hellmonk_ecumenical_altar_arch_garden
D:2:      minmay_razor_zed, layout_basic, hangedman_decor_diamond_cutter,
          st_stairs_13, minivault_23, uniq_natasha, uniq_robin,
          uniq_crazy_yiuf_cottage, uniq_terence
D:3:      minmay_chambers_of_threes, layout_loops_ring, serial_shops,
          nicolae_lakefront_shop
D:4:      layout_rooms, guppyfry_early_lair_pool, uniq_menkaure
D:5:      layout_basic, nicolae_tso_besieged_by_evil,
          lemuel_coloured_pillars_altar, gammafunk_ghost_arena
D:6:      layout_basic, okawaru_ov_weapons_minmay, kiku_gazebo_pond_becter,
          serial_shops, shop_scrolls, hangedman_decor_riveting,
          uniq_blork_the_orc
D:7:      layout_basic, minmay_temple_entry_mini_moons, uniq_joseph
D:8:      layout_loops_ring, zin_academy, nicolae_overflow_hidden_temple,
          erik_lair_island, nicolae_ossuary_entry_monument
D:9:      layout_loops_ring, fedhas_altar_3
D:10:     layout_loops_corners, mainiacjoe_overflow_concentric_impassable,
          kennysheep_mini_moat
Temple:   minmay_temple_forest_path
Lair:1:   layout_cave_pods, infiniplex_staircase_pool_2, grunt_megastairs_2
Lair:2:   dragon1_lemuel, layout_big_grid, swamp_mist,
          minmay_snake_entry_spellcaster, columned_hall_lemuel,
          cheibrodos_lair_caveside_slide, gammafunk_lair_bear_cave
Lair:3:   layout_big_grid, minmay_holes, hellmonk_guarded_unrand_vines
Lair:4:   nzn_winding_woodlands_stair_cross
          [nzn_winding_woodlands_5x15_split_checker,
          nzn_winding_woodlands_center_pierced_h,
          nzn_winding_woodlands_5x15_river_crossing,
          nzn_winding_woodlands_5x5_checkerboard,
          nzn_winding_woodlands_5x5_perimeter,
          nzn_winding_woodlands_5x15_default,
          nzn_winding_woodlands_center_triple_pond,
          nzn_winding_woodlands_5x15_default], layout_gridlike,
          lemuel_fruit_fields, uniq_rupert

Skill      XL: |  1  2  3  4  5  6  7  8  9 10 11 12 |
---------------+-------------------------------------+-----
Unarmed Combat | 3 4 5 6 7 9 10 | 10.1
Dodging        | 3 4 5 6 8 |  8.5
Fighting       | 3 4 5 6 |  6.0
Shields        | 3 4 5 6 8 |  8.5
Throwing       | 1 2 3 4 5 6 |  6.0
Invocations    | 3 6 7 |  7.4
Armour         | 2 |  2.1

Action                   |  1- 3 |  4- 6 |  7- 9 | 10-12 || total
-------------------------+-------+-------+-------+-------++-------
Melee: Unarmed           |    89 |   190 |   445 |   468 ||  1192
       Punch             |       |     1 |     6 |    15 ||    22
Throw: Dart              |       |       |   101 |    69 ||   170
       Boomerang         |       |       |       |     9 ||     9
Invok: Draw Destruction  |       |       |       |    19 ||    19
       Draw Summoning    |       |       |       |     2 ||     2
       Deal Four         |       |       |       |     1 ||     1
Evoke: Wand              |       |       |     4 |     3 ||     7
  Use: Scroll            |       |     5 |    13 |    10 ||    28
       Potion            |       |       |     2 |       ||     2
 Stab: Sleeping          |     1 |     2 |       |       ||     3
Armor: Robe              |    44 |    39 |   134 |   110 ||   327
       Fire dragon scale |       |       |       |    20 ||    20
Dodge: Dodged            |    52 |    68 |   204 |   252 ||   576
Block: Kite shield       |       |       |       |    68 ||    68
